AoeStats
← The Polished Pole

Arena

509441116Analyzed
1v1 RM · 7d ago on Sep 26, 2026· 31m 42s· 2 players
Game mode
Random Map
Map size
Tiny (2 player)
Population
200
Speed
Normal
Resources
Standard
Victory
Conquest
Starting age
Dark Age
Ending age
Imperial Age
RankedLock teamsTeams togetherTeam positionsShared explorationLock speedFull tech treeHidden civsTurbo modeCheats
Victory
Defeat
🇺🇸 Poles · United States
379
+8
🇺🇸 Inca · United States
185
-8
Stokerleaf
13:03 Feudal Age
14:26 Wheelbarrow
13:45 Champi Runner
14:56 Gold Mining
18:23 Town Watch
26:31 Castle Age
25:25 Fletching
25:46 Forging
25:37 Scale Mail Armor
25:38 Padded Archer Armor
27:07 Pikeman
27:09 Champi Warrior
27:58 Thumb Ring
27:53 Double-Bit Axe
31:13 Horse Collar
31:43 Bow Saw
32:09 Gold Shaft Mining
31:25 Stone Mining
The Polished Pole
0:36 Loom
11:58 Feudal Age
14:26 Wheelbarrow
14:17 Horse Collar
14:45 Double-Bit Axe
18:04 Bloodlines
26:40 Castle Age
26:52 Forging
26:47 Scale Barding Armor
26:33 Fletching
27:38 Husbandry
27:01 Light Cavalry
29:52 Iron Casting
29:38 Chain Barding Armor
29:19 Padded Archer Armor
29:40 Heavy Plow
29:52 Crossbowman
31:21 Szlachta Privileges
31:37 Bodkin Arrow
Connection lost

Rejoining the realm…

Still unreachable

The connection could not be restored.

Session expired

The server has moved on; the page needs a fresh start.